| TOP OF THE 1ST |
|
Miami Marlins batting - Pitching for Washington Nationals : LHP Joe Hincks
|
|
Pitching: LHP Joe Hincks
|
|
|
Batting: RHB Roger Salazar
|
0-0: DOUBLE (Line Drive, 89D, EV 105.6 MPH)
|
|
Batting: RHB Micah Christopher
|
0-0: Called Strike 0-1: Called Strike 0-2: Ball 1-2: Ground out 5-3 (Groundball, 56S, EV 63.1 MPH) Roger Salazar to third
|
|
Batting: SHB Matt Altieri
|
0-0: Ball 1-0: Fly out, F9 (Flyball, 9LS, EV 90.0 MPH)
|
|
Batting: LHB Andre Gorter
|
0-0: Ball 1-0: Ball 2-0: Foul Ball, location: 2F 2-1: Reached on error, E2 (Groundball, 13S, EV 65.0 MPH) Roger Salazar scores
|
|
Batting: RHB Jimmy Groseclose
|
0-0: Ball 1-0: SINGLE (Groundball, 56D, EV 107.5 MPH) Andre Gorter to third Runner from 3rd tries for Home, SAFE, throw by LF to home
|
|
Batting: RHB Justin Huff
|
0-0: Ball 1-0: Fielders Choice at 2nd, 5-4 (Groundball, 5L, EV 95.6 MPH)
|
| Top of the 1st over - 2 runs, 2 hits, 1 error, 1 left on base; Miami 2 - Washington 0 |
| BOTTOM OF THE 1ST |
|
Washington Nationals batting - Pitching for Miami Marlins : LHP Dan Tapley
|
|
Pitching: LHP Dan Tapley
|
|
|
Batting: RHB Luis Torres
|
0-0: Called Strike 0-1: Ball 1-1: Foul Ball, location: 2F 1-2: Foul Ball, location: 2F 1-2: Ground out 4-3 (Groundball, 4MD, EV 89.4 MPH)
|
|
Batting: RHB C.J. Beavers
|
0-0: Called Strike 0-1: Foul Ball, location: 2F 0-2: Ball 1-2: Ground out 6-3 (Groundball, 6, EV 101.3 MPH)
|
|
Batting: RHB John Sanders
|
0-0: Foul Ball, location: 2F 0-1: Ball 1-1: Foul Ball, location: 2F 1-2: Ball 2-2: Ground out U3 (Groundball, 34, EV 98.8 MPH)
|
| Bottom of the 1st over - 0 runs, 0 hits, 0 errors, 0 left on base; Miami 2 - Washington 0 |
| TOP OF THE 2ND |
|
Miami Marlins batting - Pitching for Washington Nationals : LHP Joe Hincks
|
|
Batting: RHB Jeff Garofalo
|
0-0: Ball 1-0: Called Strike 1-1: Ball 2-1: Fly out, F8 (Line Drive, 8RM, EV 101.3 MPH)
|
|
Batting: RHB Seth Tramontano
|
0-0: Called Strike 0-1: Reached on error, E5 (Groundball, 56, EV 105.6 MPH)
|
|
Batting: RHB Josh Crenwelge
|
0-0: Ball 1-0: SINGLE (Groundball, 4M, EV 86.9 MPH) (infield hit) Seth Tramontano to second
|
|
Batting: RHB Roger Salazar
|
0-0: Called Strike 0-1: Swinging Strike 0-2: Strikes out swinging
|
|
Batting: RHB Micah Christopher
|
0-0: SINGLE (Line Drive, 4D, EV 105.6 MPH) Seth Tramontano to third Josh Crenwelge to second Runner from 3rd tries for Home, SAFE, throw by CF to home
|
|
Batting: SHB Matt Altieri
|
0-0: Called Strike 0-1: TRIPLE (Groundball, 5L, EV 102.5 MPH) Josh Crenwelge scores Micah Christopher scores
|
|
Batting: LHB Andre Gorter
|
0-0: Called Strike 0-1: 2-RUN HOME RUN (Flyball, 9D, EV 98.8 MPH), Distance : 379 ft
|
|
Batting: RHB Jimmy Groseclose
|
0-0: Ball 1-0: Foul Ball, location: 2F 1-1: Called Strike 1-2: Strikes out looking
|
| Top of the 2nd over - 5 runs, 4 hits, 1 error, 0 left on base; Miami 7 - Washington 0 |
| BOTTOM OF THE 2ND |
|
Washington Nationals batting - Pitching for Miami Marlins : LHP Dan Tapley
|
|
Batting: RHB Tommy Baird
|
0-0: Foul Ball, location: 2F 0-1: Fly out, F9 (Flyball, 9, EV 88.8 MPH)
|
|
Batting: LHB R.J. O'Brien
|
0-0: Ball 1-0: Ball 2-0: Ball 3-0: Called Strike 3-1: Called Strike 3-2: SINGLE (Line Drive, 7LS, EV 105.0 MPH)
|
|
Batting: RHB Dan Fallon
|
0-0: Called Strike 0-1: Fielders Choice at 2nd, 3-6 (Groundball, 34S, EV 86.9 MPH)
|
|
Batting: LHB Armando Carbajal
|
0-0: Ball 1-0: SINGLE (Line Drive, 89S, EV 93.8 MPH) Dan Fallon to second
|
|
Batting: RHB Luis Ramos
|
0-0: Ball 1-0: Ball 2-0: Ball 3-0: Called Strike 3-1: Fielders Choice at 2nd, 6-4 (Groundball, 6, EV 105.6 MPH)
|
| Bottom of the 2nd over - 0 runs, 2 hits, 0 errors, 2 left on base; Miami 7 - Washington 0 |
| TOP OF THE 3RD |
|
Miami Marlins batting - Pitching for Washington Nationals : LHP Joe Hincks
|
|
Batting: RHB Justin Huff
|
0-0: Called Strike 0-1: Ball 1-1: Swinging Strike 1-2: Foul Ball, location: 2F 1-2: Foul Ball, location: 2F 1-2: Ball 2-2: Ball 3-2: Fly out, F4 (Flyball, 4MD, EV 89.4 MPH)
|
|
Batting: RHB Jeff Garofalo
|
0-0: Foul Ball, location: 2F 0-1: Foul Ball, location: 2F 0-2: Foul Ball, location: 2F 0-2: Ground out 6-3 (Groundball, 56D, EV 85.0 MPH)
|
|
Batting: RHB Seth Tramontano
|
0-0: Ball 1-0: Called Strike 1-1: Ball 2-1: Foul Ball, location: 2F 2-2: Strikes out swinging
|
| Top of the 3rd over - 0 runs, 0 hits, 0 errors, 0 left on base; Miami 7 - Washington 0 |
| BOTTOM OF THE 3RD |
|
Washington Nationals batting - Pitching for Miami Marlins : LHP Dan Tapley
|
|
Batting: RHB Masashi Yukizawa
|
0-0: Called Strike 0-1: Swinging Strike 0-2: Strikes out swinging
|
|
Batting: RHB Luis Torres
|
0-0: SINGLE (Groundball, P, EV 87.5 MPH) (infield hit)
|
|
Batting: RHB C.J. Beavers
|
0-0: Ball Luis Torres is caught stealing 2nd base 2-4 1-0: Called Strike 1-1: Ball 2-1: Fly out, F7 (Flyball, 7, EV 89.4 MPH)
|
| Bottom of the 3rd over - 0 runs, 1 hit, 0 errors, 0 left on base; Miami 7 - Washington 0 |
| TOP OF THE 4TH |
|
Miami Marlins batting - Pitching for Washington Nationals : LHP Joe Hincks
|
|
Batting: RHB Josh Crenwelge
|
0-0: Ball 1-0: Foul Ball, location: 2F 1-1: Foul Ball, location: 2F 1-2: Foul Ball, location: 2F 1-2: Foul Ball, location: 2F 1-2: Ground out 6-3 (Groundball, 56, EV 98.1 MPH)
|
|
Batting: RHB Roger Salazar
|
0-0: Called Strike 0-1: Ball 1-1: Called Strike 1-2: Ball 2-2: Strikes out swinging
|
|
Batting: RHB Micah Christopher
|
0-0: Ground out 6-3 (Groundball, 6, EV 100.6 MPH)
|
| Top of the 4th over - 0 runs, 0 hits, 0 errors, 0 left on base; Miami 7 - Washington 0 |
| BOTTOM OF THE 4TH |
|
Washington Nationals batting - Pitching for Miami Marlins : LHP Dan Tapley
|
|
Batting: RHB John Sanders
|
0-0: Called Strike 0-1: Foul Ball, location: 2F 0-2: Ground out 1-3 (Groundball, 23, EV 71.3 MPH)
|
|
Batting: RHB Tommy Baird
|
0-0: Foul Ball, location: 2F 0-1: Ball 1-1: Ground out 6-3 (Groundball, 6, EV 76.9 MPH)
|
|
Batting: LHB R.J. O'Brien
|
0-0: Called Strike 0-1: Ball 1-1: Ground out U3 (Groundball, 3, EV 86.3 MPH)
|
| Bottom of the 4th over - 0 runs, 0 hits, 0 errors, 0 left on base; Miami 7 - Washington 0 |
| TOP OF THE 5TH |
|
Miami Marlins batting - Pitching for Washington Nationals : LHP Joe Hincks
|
|
Pitching: RHP Brian Ramirez
|
|
|
Batting: SHB Matt Altieri
|
0-0: DOUBLE (Groundball, 3L, EV 105.6 MPH)
|
|
Batting: LHB Andre Gorter
|
0-0: Ball 1-0: Ball 2-0: Ball 3-0: Called Strike 3-1: Foul Ball, location: 2F 3-2: Base on Balls
|
|
Batting: RHB Jimmy Groseclose
|
0-0: Ball 1-0: Called Strike 1-1: Called Strike 1-2: Ball 2-2: Strikes out swinging
|
|
Batting: RHB Justin Huff
|
0-0: Called Strike 0-1: Ball 1-1: Ball 2-1: Fielders Choice at 2nd, 1-6 (Groundball, 13S, EV 68.1 MPH) Matt Altieri to third
|
|
Batting: RHB Jeff Garofalo
|
0-0: Ball 1-0: Swinging Strike 1-1: Ball 2-1: Foul Ball, location: 2F 2-2: Foul Ball, location: 2F 2-2: Foul Ball, location: 2F 2-2: Ground out U3 (Groundball, 3S, EV 89.4 MPH)
|
| Top of the 5th over - 0 runs, 1 hit, 0 errors, 2 left on base; Miami 7 - Washington 0 |
| BOTTOM OF THE 5TH |
|
Washington Nationals batting - Pitching for Miami Marlins : LHP Dan Tapley
|
|
Batting: RHB Dan Fallon
|
0-0: Ball 1-0: SINGLE (Groundball, 5S, EV 70.6 MPH) (infield hit)
|
|
Batting: LHB Armando Carbajal
|
0-0: Called Strike 0-1: DOUBLE (Line Drive, 9LD, EV 108.1 MPH) Dan Fallon to third
|
|
Batting: RHB Luis Ramos
|
0-0: Ball 1-0: Swinging Strike 1-1: Called Strike 1-2: Ball 2-2: Ball 3-2: Base on Balls
|
|
Batting: RHB Masashi Yukizawa
|
0-0: Ball 1-0: Foul Ball, location: 2F 1-1: Ball 2-1: Swinging Strike 2-2: Fly out, F7 (Flyball, 7S, EV 90.0 MPH)
|
|
Batting: RHB Luis Torres
|
0-0: Ball 1-0: Ball 2-0: Called Strike 2-1: Ball 3-1: Base on Balls Dan Fallon scores Armando Carbajal to third Luis Ramos to second
|
|
Batting: RHB C.J. Beavers
|
0-0: Ball 1-0: Foul Ball, location: 2F 1-1: Fly out, F4 (Line Drive, 4, EV 65.6 MPH)
|
|
Batting: RHB John Sanders
|
0-0: Ball 1-0: Called Strike 1-1: Ball 2-1: Called Strike 2-2: Foul Ball, location: 2F 2-2: Ground out 4-3 (Groundball, 4, EV 86.3 MPH)
|
| Bottom of the 5th over - 1 run, 2 hits, 0 errors, 3 left on base; Miami 7 - Washington 1 |
| TOP OF THE 6TH |
|
Miami Marlins batting - Pitching for Washington Nationals : RHP Brian Ramirez
|
|
Batting: RHB Seth Tramontano
|
0-0: Called Strike 0-1: DOUBLE (Line Drive, 89D, EV 99.4 MPH)
|
|
Batting: RHB Josh Crenwelge
|
0-0: Ground out 6-3 (Groundball, 56D, EV 78.8 MPH)
|
|
Batting: RHB Roger Salazar
|
0-0: SINGLE (Line Drive, 8LS, EV 108.1 MPH) Seth Tramontano to third Runner from 3rd tries for Home, SAFE, throw by CF to home
|
|
Batting: RHB Micah Christopher
|
0-0: Called Strike 0-1: Foul Ball, location: 2F 0-2: Fly out, F7 (Flyball, 7LS, EV 90.6 MPH)
|
|
Batting: SHB Matt Altieri
|
0-0: Called Strike 0-1: Swinging Strike 0-2: Strikes out looking
|
| Top of the 6th over - 1 run, 2 hits, 0 errors, 1 left on base; Miami 8 - Washington 1 |
| BOTTOM OF THE 6TH |
|
Washington Nationals batting - Pitching for Miami Marlins : LHP Dan Tapley
|
|
Batting: RHB Tommy Baird
|
0-0: Ball 1-0: Fly out, F3 (Popup, 3, EV 55.6 MPH)
|
|
Batting: LHB R.J. O'Brien
|
0-0: Called Strike 0-1: Ball 1-1: Ball 2-1: TRIPLE (Flyball, 89XD, EV 91.3 MPH)
|
|
Batting: RHB Dan Fallon
|
0-0: Ball 1-0: Foul Ball, location: 2F 1-1: Foul Ball, location: 2F 1-2: Ball 2-2: Fly out, F9 (Flyball, 9S, EV 89.4 MPH)
|
|
Batting: LHB Armando Carbajal
|
0-0: Ball 1-0: Ball 2-0: Ball 3-0: Called Strike 3-1: Base on Balls
|
|
Batting: RHB Luis Ramos
|
0-0: Fly out, F8 (Flyball, 8LS, EV 89.4 MPH)
|
| Bottom of the 6th over - 0 runs, 1 hit, 0 errors, 2 left on base; Miami 8 - Washington 1 |
| TOP OF THE 7TH |
|
Miami Marlins batting - Pitching for Washington Nationals : RHP Brian Ramirez
|
|
Batting: LHB Andre Gorter
|
0-0: Foul Ball, location: 2F 0-1: Foul Ball, location: 2F 0-2: DOUBLE (Flyball, 8LXD, EV 98.1 MPH)
|
|
Pinch Hitting: RHB Gavin Helton
|
0-0: Ball 1-0: Foul Ball, location: 2F 1-1: Swinging Strike 1-2: Strikes out swinging
|
|
Pitching: LHP Keith Pratt
|
|
|
Batting: RHB Justin Huff
|
0-0: Ball 1-0: Called Strike 1-1: Foul Ball, location: 2F 1-2: Ball 2-2: Ball 3-2: Strikes out looking
|
|
Batting: RHB Jeff Garofalo
|
0-0: Foul Ball, location: 2F 0-1: Fly out, F4 (Popup, 4S, EV 73.8 MPH)
|
| Top of the 7th over - 0 runs, 1 hit, 0 errors, 1 left on base; Miami 8 - Washington 1 |
| BOTTOM OF THE 7TH |
|
Washington Nationals batting - Pitching for Miami Marlins : LHP Dan Tapley
|
|
Now in RF: Luis Aguilar
|
|
|
Batting: RHB Masashi Yukizawa
|
0-0: Ball 1-0: Ball 2-0: Called Strike 2-1: Swinging Strike 2-2: Strikes out swinging
|
|
Pitching: LHP Jordan Hernandez
|
|
|
Batting: RHB Luis Torres
|
0-0: Foul Ball, location: 2F 0-1: Fly out, F7 (Flyball, 78D, EV 98.1 MPH)
|
|
Batting: RHB C.J. Beavers
|
0-0: Called Strike 0-1: Ball 1-1: Foul Ball, location: 2F 1-2: Foul Ball, location: 2F 1-2: SINGLE (Groundball, 4MD, EV 98.1 MPH)
|
|
Batting: RHB John Sanders
|
0-0: Ball 1-0: Called Strike 1-1: Foul Ball, location: 2F 1-2: Ball 2-2: 2-RUN HOME RUN (Flyball, 78XD, EV 96.3 MPH), Distance : 384 ft
|
|
Batting: RHB Tommy Baird
|
0-0: Ball 1-0: Ball 2-0: Foul Ball, location: 2F 2-1: Ball 3-1: Base on Balls
|
|
Batting: LHB R.J. O'Brien
|
0-0: Ball Tommy Baird steals 2nd base 1-0: Called Strike 1-1: Ball 2-1: Foul Ball, location: 2F 2-2: Fly out, F7 (Flyball, 7, EV 80.6 MPH)
|
| Bottom of the 7th over - 2 runs, 2 hits, 0 errors, 1 left on base; Miami 8 - Washington 3 |
| TOP OF THE 8TH |
|
Miami Marlins batting - Pitching for Washington Nationals : LHP Keith Pratt
|
|
Batting: RHB Seth Tramontano
|
0-0: Foul Ball, location: 2F 0-1: Ball 1-1: Ball 2-1: Swinging Strike 2-2: Strikes out swinging
|
|
Batting: RHB Josh Crenwelge
|
0-0: Ball 1-0: Swinging Strike 1-1: Ball 2-1: Called Strike 2-2: Ball 3-2: Foul Ball, location: 2F 3-2: Ground out 4-3 (Groundball, 4, EV 81.9 MPH)
|
|
Batting: RHB Roger Salazar
|
0-0: Ball 1-0: Ball 2-0: Swinging Strike 2-1: Called Strike 2-2: Strikes out swinging
|
| Top of the 8th over - 0 runs, 0 hits, 0 errors, 0 left on base; Miami 8 - Washington 3 |
| BOTTOM OF THE 8TH |
|
Washington Nationals batting - Pitching for Miami Marlins : LHP Jordan Hernandez
|
|
Batting: RHB Dan Fallon
|
0-0: Ball 1-0: Called Strike 1-1: Ball 2-1: Foul Ball, location: 2F 2-2: Foul Ball, location: 2F 2-2: SOLO HOME RUN (Flyball, 89XD, EV 96.9 MPH), Distance : 384 ft
|
|
Pitching: LHP Paul Cantrell
|
|
|
Pinch Hitting: SHB Junzo Kato
|
0-0: SINGLE (Groundball, 25, EV 68.8 MPH) (infield hit)
|
|
Batting: RHB Luis Ramos
|
0-0: Ball 1-0: Fly out, F8 (Flyball, 8LS, EV 83.1 MPH)
|
|
Batting: RHB Masashi Yukizawa
|
0-0: Foul Ball, location: 2F 0-1: Ball 1-1: Ball 2-1: Foul Ball, location: 2F 2-2: Foul Ball, location: 2F 2-2: SINGLE (Groundball, 5S, EV 67.5 MPH) (infield hit) Junzo Kato to second
|
|
Batting: RHB Luis Torres
|
0-0: Ball 1-0: Ball 2-0: Called Strike 2-1: Fly out, F9 (Flyball, 9LS, EV 90.6 MPH)
|
|
Batting: RHB C.J. Beavers
|
0-0: Ball 1-0: Ball 2-0: Swinging Strike 2-1: Fly out, F8 (Flyball, 8LXD, EV 97.5 MPH)
|
| Bottom of the 8th over - 1 run, 3 hits, 0 errors, 2 left on base; Miami 8 - Washington 4 |
| TOP OF THE 9TH |
|
Miami Marlins batting - Pitching for Washington Nationals : LHP Keith Pratt
|
|
Pitching: RHP David Krampe
|
|
|
Now at 1B: Junzo Kato
|
|
|
Batting: RHB Micah Christopher
|
0-0: Swinging Strike 0-1: SINGLE (Groundball, 6MD, EV 106.9 MPH)
|
|
Batting: SHB Matt Altieri
|
0-0: Ball 1-0: Called Strike 1-1: Called Strike 1-2: Ball 2-2: Hit by Pitch Micah Christopher to second
|
|
Batting: LHB Andre Gorter
|
0-0: Ball 1-0: Fly out, F5 (Line Drive, 5, EV 67.5 MPH)
|
|
Batting: LHB Luis Aguilar
|
0-0: Grounds into double play, 4-6-3 (Groundball, 4D, EV 106.3 MPH)
|
| Top of the 9th over - 0 runs, 1 hit, 0 errors, 1 left on base; Miami 8 - Washington 4 |
| BOTTOM OF THE 9TH |
|
Washington Nationals batting - Pitching for Miami Marlins : LHP Paul Cantrell
|
|
Batting: RHB John Sanders
|
0-0: Called Strike 0-1: Ball 1-1: Fly out, F8 (Line Drive, 8LM, EV 103.8 MPH)
|
|
Batting: RHB Tommy Baird
|
0-0: Ball 1-0: Ball 2-0: Foul Ball, location: 2F 2-1: Foul Ball, location: 2F 2-2: Foul Ball, location: 2F 2-2: Ball 3-2: Base on Balls
|
|
Batting: LHB R.J. O'Brien
|
0-0: SINGLE (Flyball, 5D, EV 92.5 MPH) Tommy Baird to second
|
|
Pitching: RHP Travis Small
|
|
|
Batting: RHB Dan Fallon
|
0-0: Ball 1-0: Ball 2-0: Foul Ball, location: 2F 2-1: Called Strike 2-2: Strikes out swinging
|
|
Batting: SHB Junzo Kato
|
0-0: Ground out 6-3 (Groundball, 56D, EV 87.5 MPH)
|
| Bottom of the 9th over - 0 runs, 1 hit, 0 errors, 2 left on base; Miami 8 - Washington 4 |
|